 Dungeon Crawl Stone Soup version 0.20-a0-191-g0795697 (webtiles) character file.

91 sinon the Ruffian (level 4, -4/38 HPs)
             Began as a Ghoul Monk on Nov 22, 2016.
             Killed by divine providence
             ... invoked by an orc priest
              (8 damage)
             ... on level 3 of the Dungeon.
             The game lasted 00:07:02 (1395 turns).

sinon the Ruffian (Ghoul Monk)                      Turns: 1395, Time: 00:07:03

Health: -4/38      AC:  8    Str: 15    XL:     4   Next: 59%
Magic:  3/3        EV:  7    Int:  5    God:
Gold:   83         SH:  0    Dex: 11    Spells: 3/3 levels left

rFire  . . .     SeeInvis .       - Unarmed
rCold  + . .     Gourm    .     h - +0 chain mail
rNeg   + + +     Faith    .     (no shield)
rPois  ∞         Spirit   .     (no helmet)
rElec  .         Reflect  .     (no cloak)
rCorr  .         Harm     .     (no gloves)
MR     .....     Rnd*Tele +     (no boots)
Stlth  ..........               (no amulet)
                                (no ring)
                                j - ring of teleportation (curse)

@: rotting
A: rotting body, claws 1, carnivore 3, cold resistance 1, negative energy
resistance 3, slow regeneration 1, torment resistance, unbreathing
a: no special abilities


You were on level 3 of the Dungeon.
You were not hungry.

You visited 1 branch of the dungeon, and saw 3 of its levels.

You collected 83 gold pieces.

Inventory:

Hand Weapons
 q - a +2 hand axe of freezing
Missiles
 c - 48 stones (quivered)
 g - 54 bolts
Armour
 a - a +0 robe
 h - a +0 chain mail (worn)
Jewellery
 j - a cursed ring of teleportation (left claw)
Scrolls
 d - a scroll of teleportation {unknown}
 f - a scroll of identify {unknown}
 k - a scroll of amnesia {unknown}
 l - a scroll of fog {unknown}
 n - a scroll of remove curse {unknown}
Potions
 e - 4 potions of heal wounds {unknown}
 i - a potion of magic {unknown}
 o - a potion of degeneration {unknown}
 p - a potion of curing {unknown}
Comestibles
 b - a meat ration
 m - 4 chunks of flesh


   Skills:
 - Level 3.2 Fighting
 - Level 2.6 Dodging
 - Level 2.1 Stealth
 + Level 5.7 Unarmed Combat


You had 3 spell levels left.
You didn't know any spells.

Dungeon Overview and Level Annotations

Branches:
Dungeon (3/15)

Altars:
Elyvilon

Annotations:
D:2 Sigmund


Innate Abilities, Weirdness & Mutations

Your body is rotting away.
You thrive on raw meat.
You are immune to poison.
You have sharp fingernails.
You are carnivorous and can eat meat at any time.
Your flesh is cold resistant. (rC+)
You are immune to negative energy. (rN+++)
You regenerate slowly when monsters are visible.
You are immune to unholy pain and torment.
You can survive without breathing.


Message History

This raw flesh tastes great!
You closely miss the rat. The rat barely misses you.
You barely miss the rat. The rat bites you but does no damage.
You closely miss the rat.
The orc priest begins to cast a cantrip, but forgets the words!
The rat completely misses you.
You barely miss the rat.
The orc priest hits you but does no damage.
You scratch the rat.
You kill the rat!
The orc priest hits you from afar with a trident.
The orc priest mumbles some strange prayers to Beogh against you.
Beogh smites you!
* * * LOW HITPOINT WARNING * * *
You see here a rat corpse.
Eat one of 4 chunks of flesh? (ye/n/q)
You start eating one of the 4 chunks of flesh.
The orc priest calls down the wrath of Beogh upon you.
Beogh smites you!
You die...

#.# #.# #.# #.# #.#
#.# #o#
#o#################
#.@...............#
#################.#
#...........#
#.#########.# #.#
### #.#
#.###########
#............
#.###########


You could see 2 orc priests.

Vanquished Creatures
  Ijyb (D:3)
  An adder (D:3)
  A worm (D:3)
  2 dart slugs (D:1)
  3 leopard geckos
  4 orcs (D:3)
  7 bats
  3 hobgoblins
  4 jackals (D:1)
  5 frilled lizards (D:1)
  3 goblins (D:1)
  3 kobolds
  8 rats
45 creatures vanquished.

Notes
Turn   | Place    | Note
-------+----------+-------------------------------------------
     0 | D:1      | sinon the Ghoul Monk began the quest for the Orb.
     0 | D:1      | Reached XP level 1. HP: 19/19 MP: 0/0
   147 | D:1      | Reached XP level 2. HP: 24/26 MP: 1/1
   249 | D:1      | Reached skill level 4 in Unarmed Combat
   638 | D:1      | Reached XP level 3. HP: 31/31 MP: 2/2
   986 | D:2      | Noticed Sigmund
  1035 | D:3      | Noticed Ijyb
  1052 | D:3      | Killed Ijyb
  1052 | D:3      | Reached skill level 5 in Unarmed Combat
  1052 | D:3      | Reached XP level 4. HP: 35/38 MP: 3/3
  1135 | D:3      | Found a white marble altar of Elyvilon.
  1395 | D:3      | Killed from afar by an orc priest

Vault maps used:
D:1:      scummos_arrival_checkerplants
D:2:      first_bread, minmay_unequal, uniq_sigmund, uniq_jessica, uniq_terence
D:3:      nicolae_ru_awakened_eye, nicolae_overflow_crystal_walls, uniq_natasha,
          uniq_iyjb

Skill      XL: |  1  2  3 |
---------------+----------+-----
Unarmed Combat | 4 5 |  5.7
Fighting       | |  3.2
Dodging        | |  2.6
Stealth        | |  2.1

Action                   |  1- 3 |  4- 6 || total
-------------------------+-------+-------++-------
Melee: Unarmed           |    84 |    38 ||   122
       Punch             |     1 |     1 ||     2
Throw: Stone             |     5 |       ||     5
 Stab: Sleeping          |     2 |       ||     2
  Eat: Chunk             |     7 |     4 ||    11
Armor: Robe              |     2 |       ||     2
       Chain mail        |    34 |    21 ||    55
Dodge: Dodged            |    30 |    17 ||    47
